 Dungeon Crawl Stone Soup version 0.30-a0-21-g5d08c37080 (webtiles) character file.

Game seed: 9072936972472605184

40 Nedwor the Chopper (level 3, 0/30 HPs)
             Began as a Minotaur Gladiator on Aug 24, 2022.
             Slain by an orc wizard
             ... wielding a +0 dagger
              (2 damage)
             ... on level 2 of the Dungeon.
             The game lasted 00:01:12 (889 turns).

Nedwor the Chopper (Minotaur Gladiator)              Turns: 889, Time: 00:01:13

Health: 0/30       AC: 11    Str: 20    XL:     3   Next: 30%
Magic:  2/2        EV:  6    Int:  5    God:
Gold:   61         SH:  0    Dex: 11    Spells: 2/2 levels left

rFire   . . .      SeeInvis .    a - +0 war axe
rCold   . . .      Faith    .    (no shield)
rNeg    . . .      Spirit   .    k - +0 plate armour
rPois   .          Reflect  .    c - +0 hat
rElec   .          Harm     .    m - +0 cloak
rCorr   .          Rampage  .    (no gloves)
Will    .....                    (no boots)
Stlth   ..........               (no amulet)
HPRegen 0.10/turn                (no ring)
MPRegen 0.08/turn                (no ring)

@: confused
A: horns 2, retaliatory headbutt
a: no special abilities


You were on level 2 of the Dungeon.
You visited 1 branch of the dungeon, and saw 2 of its levels.

You collected 61 gold pieces.

Inventory:

Hand Weapons
 a - a +0 war axe (weapon)
Missiles
 d - 3 throwing nets (quivered)
 e - a javelin
Armour
 c - a +0 hat (worn)
 k - a +0 plate armour (worn)
 m - a +0 cloak (worn)
Jewellery
 l - a ring of wizardry
Scrolls
 f - a scroll of summoning {unknown}
 j - a scroll of identify {unknown}
 n - a scroll of fog {unknown}
 o - a scroll of poison {unknown}
Potions
 b - a potion of attraction {unknown}
 g - 3 potions of curing {unknown}
 h - 2 potions of heal wounds {unknown}
 i - a potion of magic {unknown}


   Skills:
 + Level 2.9 Fighting
 * Level 4.4 Axes
 - Level 2.0 Throwing
 + Level 1.3 Armour
 + Level 3.6 Dodging


You had 2 spell levels left.
You didn't know any spells.
Your spell library was empty.

Dungeon Overview and Level Annotations

Branches:
Dungeon (2/15)

Altars:
Gozag


Innate Abilities, Weirdness & Mutations

You have a pair of horns on your head.
You reflexively headbutt those who attack you in melee.


Message History

The magic dart hits you.
* * * LOW HITPOINT WARNING * * *
You miss something. Your headbutt misses something.
Something hits you but does no damage.
You closely miss something. Your headbutt misses something.
Your punch misses something.
You hear some strange, mumbled words.
Something tries to affect you, but you resist.
Something hits you but does no damage.
You barely miss something. Something hits you.
* * * LOW HITPOINT WARNING * * *
You miss something. Your headbutt misses something.
Something hits you but does no damage.
You barely miss something. Your headbutt misses something.
Something hits you but does no damage. x2
You hit something but do no damage. Something hits you but does no damage.
You miss something. Something hits you but does no damage.
You hit something. Your headbutt misses something.
Something hits you but does no damage.
You completely miss something.
Something hits you but does no damage. x2
You slash something!
You hear some strange, mumbled words.
You are confused.
You closely miss something. Something hits you but does no damage.
You bump into the rock wall.
You hear some strange, mumbled words.
A puff of flame appears from out of thin air!
The puff of flame hits you.
* * * LOW HITPOINT WARNING * * *
You miss something.
You hear some strange, mumbled words.
You are more confused.
Something hits you.
* * * LOW HITPOINT WARNING * * *
You closely miss something. Something hits you but does no damage.
You're too confused to move!
Something hits you but does no damage.
You closely miss something. Your headbutt misses something.
Something hits you but does no damage.
You miss something. Something hits you.
You die...

##.. ....#.. #........
....#..##........ #
................ .....
#..............
......#######..............
...# ............##))......
..# ............##........
..###.............)........
....#...........@{##+######
..................##.##
........................
....##..##...##.........
........##...##.........
#........#...##.........
#......#......#.........
#......#......#.........
##.....#..._............


There were no monsters in sight!

Vanquished Creatures
  4 orcs (D:2)
  3 bats
  2 endoplasms (D:1)
  2 giant cockroaches
  2 goblins (D:2)
  4 hobgoblins
  2 quokkas
  2 ball pythons
  3 frilled lizards (D:1)
  8 kobolds (D:1)
  3 rats
35 creatures vanquished.

Notes
Turn   | Place    | Note
-------+----------+-------------------------------------------
     0 | D:1      | Nedwor the Minotaur Gladiator began the quest for the Orb.
     0 | D:1      | Reached XP level 1. HP: 18/18 MP: 0/0
   149 | D:1      | Reached XP level 2. HP: 25/25 MP: 1/1
   150 | D:1      | Reached skill level 4 in Axes
   304 | D:1      | Reached skill level 1 in Armour
   769 | D:2      | Reached XP level 3. HP: 30/30 MP: 2/2
   837 | D:2      | Found an opulent altar of Gozag.
   889 | D:2      | Slain by an orc wizard

Illustrated notes

Levels and vault maps discovered:
D:1:      dpeg_arrival_yet_another_circle, layout_rooms, minmay_crystal_water
D:2:      layout_basic, basic_altar

Skill      XL: |  1  2 |
---------------+-------+-----
Axes           | 4 |  4.4
Armour         | 1 |  1.3
Fighting       | |  2.9
Throwing       | |  2.0
Dodging        | |  3.6

Action                   || total
-------------------------++-------
Melee: War axe           ||    80
       Headbutt          ||     7
       Punch             ||     1
Armor: Leather armour    ||    17
       Plate armour      ||    45
Dodge: Dodged            ||    31

Table legend: (Time is in decaauts)
 A = Elapsed time spent in this place.
 B = Non-inter-level travel time spent in this place.
 C = Inter-level travel time spent in this place.
 D = Time resting spent in this place.
 E = Time spent auto-exploring this place.
 F = Levels seen in this place.
 G = Mean time per level.
                   A        B        C        D        E       F      G
               +--------+--------+--------+--------+--------+-----+--------+
         Total |    912 |    875 |     37 |      0 |    649 |   2 |  456.0 |
       Dungeon |    912 |    875 |     37 |      0 |    649 |   2 |  456.0 |
               +--------+--------+--------+--------+--------+-----+--------+

Top non-repeatable levels by time:
     D:1: 621 daAuts
     D:2: 290 daAuts
